Oilers vs Flames

Created - October-05-13 at 11:03

Goals
1 2 3 OT1 T
Oilers 2 2 0 0 4
Flames 2 0 2 1 5
Shots
1 2 3 OT1 T
Oilers 8 19 3 0 30
Flames 10 9 15 1 35

1st period

1. Oilers , Nicklas Grossmann 1 (Charlie Coyle, Brandon Sutter) at 1:42
2. Oilers , Derek Roy 1 (Justin Schultz, Sheldon Souray) at 2:33
3. Flames , Tomas Kopecky 1 (Toni Lydman, Shawn Horcoff) at 3:59
4. Flames , Jeff Skinner 2 (Ryan Kesler) at 5:49

Penalties :
David Backes (EDM) for Hooking (Minor) at 16:14

2nd period

5. Oilers , Maxime Talbot 2 (David Backes, Nicklas Grossmann) at 10:14
6. Oilers , Colin McDonald 1 (Derek Roy) at 19:17

Penalties :
Bryce Salvador (CGY) for Close Hand On Puck (Minor) at 12:41, Michael Ryder (CGY) for Hooking (Minor) at 16:45, Erik Johnson (CGY) for Holding (Minor) at 19:48

3rd period

7. Flames , Andrew MacDonald 2 (Jeff Skinner, Ryan Kesler) at 19:13 (PP)
8. Flames , Dustin Brown 1 (Jack Johnson, Anze Kopitar) at 19:49

Penalties :
Chris Phillips (EDM) for Roughing (Minor) at 6:13, Mikkel Boedker (EDM) for Elbowing (Minor) at 13:15, David Backes (EDM) for Boarding (Minor) at 18:40

Overtime #1

9. Flames , Dustin Brown 2 (Bryce Salvador, Anze Kopitar) at 0:06

Penalties :
No Penalty

Goalie Stats

Ben Scrivens (EDM), 30 saves from 35 shots - (0.857), OTL, 0-0-1, 60:07 minutes
Jonathan Quick (CGY), 26 saves from 30 shots - (0.867), W, 2-0-1, 59:39 minutes

Players Stats for Oilers

Player Name              G  A  P  +/- PIM S  H  SB GA TA FO     MP     PP MP  PK MP  
------------------------------------------------------------------------------------
Brandon Sutter           0  1  1  -1  0   2  0  0  0  0  19/32  18:49   2:44   1:07 
Brian Flynn              0  0  0  -2  0   2  0  0  0  0  3/13   10:04   3:00   0:20 
Charlie Coyle            0  1  1   0  0   3  2  0  0  0  0/0    17:19   2:57   0:00 
Chris Phillips           0  0  0   0  2   2  1  0  0  0  0/0    22:02   2:25   2:22 
Colin McDonald           1  0  1   2  0   1  5  0  0  0  0/2    15:07   2:44   0:00 
David Backes             0  1  1   1  4   2  1  0  0  0  11/23  16:38   0:00   3:05 
Derek Roy                1  1  2   2  0   3  0  0  0  0  7/19   16:49   3:13   1:13 
Drew Miller              0  0  0  -2  0   0  1  1  0  0  0/1    11:52   0:00   4:39 
Dustin Jeffrey           0  0  0  -1  0   0  0  0  0  0  1/3     6:54   0:00   0:17 
Erik Gustafsson          0  0  0   0  0   2  0  3  0  0  0/0    20:22   2:25   2:33 
Jochen Hecht             0  0  0   1  0   1  0  0  0  0  0/1    13:35   0:00   0:00 
Justin Schultz           0  1  1   0  0   1  0  1  0  0  0/0    21:10   3:32   2:38 
Maxime Talbot            1  0  1   0  0   4  1  0  0  0  0/0    15:20   0:16   0:53 
Mikkel Boedker           0  0  0   0  2   2  1  0  0  0  1/1    17:18   2:57   0:00 
Nicklas Grossmann        1  1  2   1  0   2  3  1  0  0  0/0    17:38   0:00   2:21 
Ruslan Fedotenko         0  0  0   1  0   1  0  0  0  0  2/2    13:56   0:00   1:26 
Scott Hannan             0  0  0  -1  0   0  0  1  0  0  0/0    19:46   0:00   2:23 
Sheldon Souray           0  1  1   0  0   2  2  0  0  0  0/0    19:15   3:32   0:43 

Players Stats for Flames

Player Name              G  A  P  +/- PIM S  H  SB GA TA FO     MP     PP MP  PK MP  
------------------------------------------------------------------------------------
Andrew MacDonald         1  0  1   2  0   1  0  4  0  0  0/0    23:16   2:44   2:30 
Anze Kopitar             0  2  2   1  0   0  3  0  0  0  13/28  16:31   3:23   0:00 
Bryce Salvador           0  1  1   1  2   0  5  2  0  0  0/0    19:25   0:00   2:00 
Dustin Brown             2  0  2   1  0   5  2  0  0  0  1/1    18:57   3:23   2:26 
Erik Johnson             0  0  0  -3  2   1  1  1  0  0  0/0    20:56   3:46   0:54 
Jack Johnson             0  1  1  -2  0   2  2  2  0  0  0/0    24:06   3:46   3:27 
Jeff Skinner             1  1  2   1  0   5  0  0  0  0  0/0    16:59   3:07   0:30 
Ladislav Smid            0  0  0   1  0   2  2  0  0  0  0/0    16:24   0:00   3:03 
Michael Grabner          0  0  0   0  0   3  0  0  0  0  0/0    12:46   0:00   0:00 
Michael Ryder            0  0  0  -1  2   2  0  0  0  0  1/1    16:17   3:23   0:30 
Mike Cammalleri          0  0  0  -1  0   2  1  0  0  0  2/5    14:21   0:00   2:26 
Pierre-Marc Bouchard     0  0  0   0  0   1  0  0  0  0  0/0     9:51   0:00   0:00 
Radek Dvorak             0  0  0  -1  0   1  2  0  0  0  1/1    11:55   0:00   0:00 
Ryan Kesler              0  2  2   0  0   1  3  0  0  0  14/26  15:53   3:07   0:00 
Sam Gagner               0  0  0  -1  0   2  1  2  0  0  13/19  15:02   3:07   0:00 
Shawn Horcoff            0  1  1   0  0   0  1  0  0  0  7/14   12:52   0:00   3:01 
Tomas Kopecky            1  0  1   0  0   4  2  0  0  0  1/2    12:52   0:00   3:01 
Toni Lydman              0  1  1   1  0   3  1  0  0  0  0/0    16:05   2:44   0:00 

3 Stars

1 - Dustin Brown (CGY)
2 - Nicklas Grossmann (EDM)
3 - Colin McDonald (EDM)

Power Play

Oilers - 0 on 3 Attempt(s) - 0.00%
Flames - 1 on 4 Attempt(s) - 25.00%

Penalty Kill

Oilers - 3 on 4 Attempt(s) - 75.00% - Score 0 goal in Penalty Kill
Flames - 3 on 3 Attempt(s) - 100.00% - Score 0 goal in Penalty Kill

Official

Referees : Dave Jackson and Marc Joannette
Linesman : Derek Nansen and John Grandt

Game Notes

No Game Note

Finance

Level 1 -- Attendance: 4933 (75.89%) -- Ticket Income $665,955
Level 2 -- Attendance: 3438 (68.76%) -- Ticket Income $326,610
Level 3 -- Attendance: 2404 (68.69%) -- Ticket Income $168,280
Level 4 -- Attendance: 2905 (88.32%) -- Ticket Income $116,200
Luxury Box -- Attendance: 636 (63.60%) -- Ticket Income $222,600
Game was played at the ScotiaBank Saddledome
Total Attendance: 14316 (74.22%)
Total Ticket Income: $1,499,645
Other Income: $224,947
Total Income: $1,724,592


% Time on Ice - Oilers

Lines # - Real PCT - Wanted PCT - Time Play
Normal Forward
1 - 29% - 30% - 13:35
2 - 31% - 30% - 14:22
3 - 26% - 25% - 12:23
4 - 14% - 15% - 6:37
Normal Defense
1 - 28% - 30% - 12:57
2 - 33% - 29% - 15:17
3 - 32% - 28% - 15:00
4 - 8% - 13% - 3:43
PP Forward
1 - 50% - 60% - 2:57
2 - 50% - 40% - 3:00
PP Defense
1 - 59% - 60% - 3:32
2 - 41% - 40% - 2:25
PK Forward
1 - 83% - 60% - 5:23
2 - 17% - 40% - 1:07
PK Defense
1 - 63% - 60% - 4:07
2 - 37% - 40% - 2:23
PK3 Forward
1 - 0% - 51%
2 - 0% - 49%
PK3 Defense
1 - 0% - 60%
2 - 0% - 40%
44 Forward
1 - 100% - 60% - 0:07
2 - 0% - 40% - 0:00
44 Defense
1 - 100% - 60% - 0:07
2 - 0% - 40% - 0:00
Last Minute Offensive  - 0:00
Last Minute Defensive  - 0:36
Total
Forward - 60:07
Defense - 60:07

% Time on Ice - Flames

Lines # - Real PCT - Wanted PCT - Time Play
Normal Forward
1 - 26% - 28% - 12:25
2 - 27% - 27% - 12:46
3 - 25% - 25% - 11:55
4 - 21% - 20% - 9:51
Normal Defense
1 - 37% - 35% - 17:19
2 - 35% - 35% - 16:17
3 - 15% - 15% - 6:53
4 - 14% - 15% - 6:28
PP Forward
1 - 52% - 55% - 3:23
2 - 48% - 45% - 3:07
PP Defense
1 - 58% - 50% - 3:46
2 - 42% - 50% - 2:44
PK Forward
1 - 59% - 55% - 3:31
2 - 41% - 45% - 2:26
PK Defense
1 - 49% - 50% - 2:54
2 - 51% - 50% - 3:03
PK3 Forward
1 - 0% - 50%
2 - 0% - 50%
PK3 Defense
1 - 0% - 50%
2 - 0% - 50%
44 Forward
1 - 100% - 50% - 0:07
2 - 0% - 50% - 0:00
44 Defense
1 - 100% - 50% - 0:07
2 - 0% - 50% - 0:00
Last Minute Offensive  - 0:36
Last Minute Defensive  - 0:00
Total
Forward - 60:07
Defense - 60:07

Play by Play

1st period


0:01 of 1st period - Anze Kopitar wins face-off versus David Backes in neutral zone.
0:04 of 1st period - Maxime Talbot is hit by Anze Kopitar and loses puck.
0:41 of 1st period - Shot by Michael Ryder.
0:41 of 1st period - Stopped by Ben Scrivens without a rebound.
0:42 of 1st period - Ryan Kesler wins face-off versus Brandon Sutter in Oilers zone.
0:53 of 1st period - Shot by Charlie Coyle.
0:53 of 1st period - Stopped by Jonathan Quick without a rebound.
0:54 of 1st period - Sam Gagner wins face-off versus Derek Roy in Flames zone.
1:16 of 1st period - Shot by Sam Gagner.
1:16 of 1st period - Shot Misses the Net.
1:18 of 1st period - Shot by Toni Lydman.
1:18 of 1st period - Stopped by Ben Scrivens with a rebound.
1:20 of 1st period - Shot by Mike Cammalleri.
1:20 of 1st period - Stopped by Ben Scrivens without a rebound.
1:21 of 1st period - Tomas Kopecky wins face-off versus Brandon Sutter in Oilers zone.
1:34 of 1st period - Shot by Brandon Sutter.
1:34 of 1st period - Shot Misses the Net.
1:38 of 1st period - Shot by Brandon Sutter.
1:38 of 1st period - Shot Misses the Net.
1:40 of 1st period - Shot by Charlie Coyle.
1:40 of 1st period - Shot Misses the Net.
1:42 of 1st period - Shot by Nicklas Grossmann.
1:42 of 1st period - Goal by Nicklas Grossmann - Oilers : 1 - Flames : 0.
1:43 of 1st period - Ryan Kesler wins face-off versus Dustin Jeffrey in neutral zone.
1:54 of 1st period - Shot by Michael Grabner.
1:54 of 1st period - Shot Misses the Net.
1:56 of 1st period - Shot by Ladislav Smid.
1:56 of 1st period - Stopped by Ben Scrivens without a rebound.
1:57 of 1st period - Derek Roy wins face-off versus Sam Gagner in Oilers zone.
1:57 of 1st period - Justin Schultz is hit by Radek Dvorak and loses puck.
2:01 of 1st period - Justin Schultz is hit by Sam Gagner and loses puck.
2:05 of 1st period - Derek Roy is hit by Radek Dvorak and loses puck.
2:23 of 1st period - Derek Roy is hit by Jack Johnson.
2:33 of 1st period - Shot by Derek Roy.
2:33 of 1st period - Goal by Derek Roy - Oilers : 2 - Flames : 0.
2:34 of 1st period - Brandon Sutter wins face-off versus Ryan Kesler in neutral zone.
3:48 of 1st period - Toni Lydman is hit by Mikkel Boedker and loses puck.
3:59 of 1st period - Shot by Tomas Kopecky.
3:59 of 1st period - Goal by Tomas Kopecky - Oilers : 2 - Flames : 1.
4:00 of 1st period - Anze Kopitar wins face-off versus David Backes in neutral zone.
4:13 of 1st period - Shot by Chris Phillips.
4:13 of 1st period - Stopped by Jonathan Quick with a rebound.
4:19 of 1st period - Shot by Jochen Hecht.
4:19 of 1st period - Stopped by Jonathan Quick without a rebound.
4:20 of 1st period - Dustin Jeffrey wins face-off versus Sam Gagner in Flames zone.
4:56 of 1st period - Icing by Justin Schultz.
4:57 of 1st period - Anze Kopitar wins face-off versus Brian Flynn in Oilers zone.
5:01 of 1st period - Icing by Brian Flynn.
5:02 of 1st period - Anze Kopitar wins face-off versus Brian Flynn in Oilers zone.
5:18 of 1st period - Dustin Brown is hit by Drew Miller.
5:38 of 1st period - Shot by Dustin Brown.
5:38 of 1st period - Shot Misses the Net.
5:41 of 1st period - Icing by Justin Schultz.
5:42 of 1st period - Ryan Kesler wins face-off versus Brian Flynn in Oilers zone.
5:47 of 1st period - Shot by Ryan Kesler.
5:47 of 1st period - Stopped by Ben Scrivens with a rebound.
5:49 of 1st period - Shot by Jeff Skinner.
5:49 of 1st period - Goal by Jeff Skinner - Oilers : 2 - Flames : 2.
5:50 of 1st period - David Backes wins face-off versus Ryan Kesler in neutral zone.
6:17 of 1st period - Chris Phillips is hit by Ryan Kesler and loses puck.
7:07 of 1st period - Icing by Erik Gustafsson.
7:08 of 1st period - Derek Roy wins face-off versus Anze Kopitar in Oilers zone.
7:21 of 1st period - Shot by Derek Roy.
7:21 of 1st period - Shot Misses the Net.
7:23 of 1st period - Shot by Nicklas Grossmann.
7:23 of 1st period - Stopped by Jonathan Quick with a rebound.
7:29 of 1st period - Shot by Ruslan Fedotenko.
7:29 of 1st period - Stopped by Jonathan Quick without a rebound.
7:30 of 1st period - Brandon Sutter wins face-off versus Sam Gagner in Flames zone.
8:53 of 1st period - Shot by Tomas Kopecky.
8:53 of 1st period - Stopped by Ben Scrivens without a rebound.
8:54 of 1st period - David Backes wins face-off versus Anze Kopitar in Oilers zone.
8:54 of 1st period - David Backes is hit by Anze Kopitar.
9:11 of 1st period - Dustin Brown is hit by David Backes and loses puck.
9:24 of 1st period - Shot by David Backes.
9:24 of 1st period - Shot Misses the Net.
11:09 of 1st period - Off-side.
11:10 of 1st period - Ryan Kesler wins face-off versus Brandon Sutter in neutral zone.
11:41 of 1st period - Icing by Justin Schultz.
11:42 of 1st period - Sam Gagner wins face-off versus Brandon Sutter in Oilers zone.
11:45 of 1st period - Shot by Mike Cammalleri.
11:45 of 1st period - Deflect By Sam Gagner.
11:45 of 1st period - Stopped by Ben Scrivens without a rebound.
11:46 of 1st period - Sam Gagner wins face-off versus David Backes in Oilers zone.
11:50 of 1st period - Icing by Nicklas Grossmann.
11:51 of 1st period - Ryan Kesler wins face-off versus David Backes in Oilers zone.
12:18 of 1st period - Off-side.
12:19 of 1st period - Sam Gagner wins face-off versus Derek Roy in neutral zone.
12:36 of 1st period - Shot by Colin McDonald.
12:36 of 1st period - Shot Blocked by Bryce Salvador.
12:42 of 1st period - Shot by Derek Roy.
12:42 of 1st period - Stopped by Jonathan Quick with a rebound.
13:31 of 1st period - Chris Phillips is hit by Ladislav Smid and loses puck.
13:47 of 1st period - Icing by Maxime Talbot.
13:48 of 1st period - Ryan Kesler wins face-off versus David Backes in Oilers zone.
13:48 of 1st period - Ryan Kesler is hit by Nicklas Grossmann.
14:01 of 1st period - Shot by Michael Grabner.
14:01 of 1st period - Shot Misses the Net.
14:05 of 1st period - Shot by Jeff Skinner.
14:05 of 1st period - Shot Blocked by Nicklas Grossmann.
14:26 of 1st period - Ryan Kesler is hit by Nicklas Grossmann and loses puck.
15:35 of 1st period - Icing by Erik Gustafsson.
15:36 of 1st period - Sam Gagner wins face-off versus David Backes in Oilers zone.
15:44 of 1st period - Nicklas Grossmann is hit by Bryce Salvador and loses puck.
16:10 of 1st period - Nicklas Grossmann is hit by Mike Cammalleri and loses puck.
16:14 of 1st period - Minor Penalty to David Backes for Hooking.
16:15 of 1st period - Ruslan Fedotenko wins face-off versus Anze Kopitar in Oilers zone.
17:42 of 1st period - Shot by Toni Lydman.
17:42 of 1st period - Stopped by Ben Scrivens without a rebound.
17:43 of 1st period - Brandon Sutter wins face-off versus Anze Kopitar in Oilers zone.
17:59 of 1st period - Icing by Jack Johnson.
18:00 of 1st period - Ruslan Fedotenko wins face-off versus Anze Kopitar in Flames zone.
18:32 of 1st period - Icing by Brandon Sutter.
18:33 of 1st period - Ryan Kesler wins face-off versus Brandon Sutter in Oilers zone.
19:41 of 1st period - Ladislav Smid is hit by Colin McDonald and loses puck.

2nd period


0:01 of 2nd period - Brandon Sutter wins face-off versus Anze Kopitar in neutral zone.
0:05 of 2nd period - Icing by Jack Johnson.
0:06 of 2nd period - Anze Kopitar wins face-off versus Brandon Sutter in Flames zone.
1:08 of 2nd period - Icing by Charlie Coyle.
1:09 of 2nd period - Brandon Sutter wins face-off versus Shawn Horcoff in Oilers zone.
1:09 of 2nd period - Brandon Sutter is hit by Ladislav Smid.
1:27 of 2nd period - Shot by Brian Flynn.
1:27 of 2nd period - Stopped by Jonathan Quick without a rebound.
1:28 of 2nd period - Sam Gagner wins face-off versus Brian Flynn in Flames zone.
1:33 of 2nd period - Shot by Sam Gagner.
1:33 of 2nd period - Shot Misses the Net.
1:35 of 2nd period - Shot by Radek Dvorak.
1:35 of 2nd period - Deflect By Sam Gagner.
1:35 of 2nd period - Stopped by Ben Scrivens without a rebound.
1:36 of 2nd period - Brian Flynn wins face-off versus Sam Gagner in Oilers zone.
2:05 of 2nd period - Shot by Sam Gagner.
2:05 of 2nd period - Deflect By Mike Cammalleri.
2:05 of 2nd period - Stopped by Ben Scrivens without a rebound.
2:06 of 2nd period - Anze Kopitar wins face-off versus Derek Roy in Oilers zone.
3:33 of 2nd period - Shot by Tomas Kopecky.
3:33 of 2nd period - Stopped by Ben Scrivens without a rebound.
3:34 of 2nd period - David Backes wins face-off versus Sam Gagner in Oilers zone.
4:01 of 2nd period - Ladislav Smid is hit by Maxime Talbot and loses puck.
4:16 of 2nd period - Shot by Sam Gagner.
4:16 of 2nd period - Deflect By Radek Dvorak.
4:16 of 2nd period - Stopped by Ben Scrivens without a rebound.
4:17 of 2nd period - Mikkel Boedker wins face-off versus Ryan Kesler in Oilers zone.
5:33 of 2nd period - Sheldon Souray is hit by Anze Kopitar and loses puck.
6:06 of 2nd period - Shot by Michael Ryder.
6:06 of 2nd period - Stopped by Ben Scrivens without a rebound.
6:07 of 2nd period - Shawn Horcoff wins face-off versus Brian Flynn in Oilers zone.
6:13 of 2nd period - Icing by Erik Gustafsson.
6:14 of 2nd period - Sam Gagner wins face-off versus Brian Flynn in Oilers zone.
6:21 of 2nd period - Shot by Ladislav Smid.
6:21 of 2nd period - Stopped by Ben Scrivens without a rebound.
6:22 of 2nd period - David Backes wins face-off versus Tomas Kopecky in Oilers zone.
6:22 of 2nd period - David Backes is hit by Shawn Horcoff.
6:30 of 2nd period - Shot by David Backes.
6:30 of 2nd period - Stopped by Jonathan Quick with a rebound.
6:54 of 2nd period - Shot by Tomas Kopecky.
6:54 of 2nd period - Shot Hit the Post.
6:56 of 2nd period - Shot by Tomas Kopecky.
6:56 of 2nd period - Shot Blocked by Scott Hannan.
7:43 of 2nd period - Shot by Brian Flynn.
7:43 of 2nd period - Shot Hit the Post.
9:15 of 2nd period - Off-side.
9:16 of 2nd period - Ryan Kesler wins face-off versus Derek Roy in neutral zone.
9:23 of 2nd period - Shot by Michael Grabner.
9:23 of 2nd period - Stopped by Ben Scrivens with a rebound.
9:37 of 2nd period - Shot by Derek Roy.
9:37 of 2nd period - Shot Misses the Net.
10:14 of 2nd period - Shot by David Backes.
10:14 of 2nd period - Deflect By Maxime Talbot.
10:14 of 2nd period - Goal by Maxime Talbot - Oilers : 3 - Flames : 2.
10:15 of 2nd period - Shawn Horcoff wins face-off versus Brian Flynn in neutral zone.
10:22 of 2nd period - Shot by Tomas Kopecky.
10:22 of 2nd period - Stopped by Ben Scrivens without a rebound.
10:23 of 2nd period - Sam Gagner wins face-off versus Jochen Hecht in Oilers zone.
10:34 of 2nd period - Shot by David Backes.
10:34 of 2nd period - Shot Misses the Net.
11:00 of 2nd period - Shot by David Backes.
11:00 of 2nd period - Shot Blocked by Sam Gagner.
11:17 of 2nd period - Off-side.
11:18 of 2nd period - Shawn Horcoff wins face-off versus Derek Roy in neutral zone.
11:45 of 2nd period - Ruslan Fedotenko is hit by Tomas Kopecky and loses puck.
11:58 of 2nd period - Derek Roy is hit by Bryce Salvador and loses puck.
12:22 of 2nd period - Shot by Brandon Sutter.
12:22 of 2nd period - Shot Misses the Net.
12:24 of 2nd period - Shot by Brandon Sutter.
12:24 of 2nd period - Shot Misses the Net.
12:26 of 2nd period - Shot by Sheldon Souray.
12:26 of 2nd period - Shot Misses the Net.
12:34 of 2nd period - Shot by Charlie Coyle.
12:34 of 2nd period - Stopped by Jonathan Quick with a rebound.
12:41 of 2nd period - Minor Penalty to Bryce Salvador for Close Hand On Puck.
12:42 of 2nd period - Brandon Sutter wins face-off versus Mike Cammalleri in Flames zone.
14:12 of 2nd period - Shot by Erik Gustafsson.
14:12 of 2nd period - Shot Misses the Net.
14:14 of 2nd period - Shot by Brian Flynn.
14:14 of 2nd period - Stopped by Jonathan Quick with a rebound.
14:16 of 2nd period - Shot by Erik Gustafsson.
14:16 of 2nd period - Stopped by Jonathan Quick without a rebound.
14:17 of 2nd period - Shawn Horcoff wins face-off versus Brandon Sutter in Flames zone.
14:38 of 2nd period - Shot by Justin Schultz.
14:38 of 2nd period - Shot Misses the Net.
14:48 of 2nd period - Shot by Jeff Skinner.
14:48 of 2nd period - Stopped by Ben Scrivens without a rebound.
14:49 of 2nd period - Ryan Kesler wins face-off versus David Backes in Oilers zone.
14:59 of 2nd period - Nicklas Grossmann is hit by Ryan Kesler and loses puck.
15:04 of 2nd period - Shot by Maxime Talbot.
15:04 of 2nd period - Stopped by Jonathan Quick without a rebound.
15:05 of 2nd period - David Backes wins face-off versus Anze Kopitar in Flames zone.
15:36 of 2nd period - Shot by Jochen Hecht.
15:36 of 2nd period - Shot Blocked by Andrew MacDonald.
15:38 of 2nd period - Shot by Jochen Hecht.
15:38 of 2nd period - Shot Misses the Net.
15:40 of 2nd period - Shot by Jochen Hecht.
15:40 of 2nd period - Shot Misses the Net.
15:42 of 2nd period - Shot by Maxime Talbot.
15:42 of 2nd period - Stopped by Jonathan Quick without a rebound.
15:43 of 2nd period - Brandon Sutter wins face-off versus Ryan Kesler in Flames zone.
15:46 of 2nd period - Shot by Mikkel Boedker.
15:46 of 2nd period - Stopped by Jonathan Quick without a rebound.
15:47 of 2nd period - Brandon Sutter wins face-off versus Ryan Kesler in Flames zone.
16:00 of 2nd period - Shot by Brandon Sutter.
16:00 of 2nd period - Shot Misses the Net.
16:02 of 2nd period - Shot by Brandon Sutter.
16:02 of 2nd period - Stopped by Jonathan Quick without a rebound.
16:03 of 2nd period - Sam Gagner wins face-off versus Derek Roy in Flames zone.
16:03 of 2nd period - Sam Gagner is hit by Colin McDonald.
16:39 of 2nd period - Shot by Derek Roy.
16:39 of 2nd period - Stopped by Jonathan Quick without a rebound.
16:40 of 2nd period - Anze Kopitar wins face-off versus Brandon Sutter in Flames zone.
16:44 of 2nd period - Off-side.
16:45 of 2nd period - Brandon Sutter wins face-off versus Anze Kopitar in neutral zone.
16:45 of 2nd period - Minor Penalty to Michael Ryder for Hooking.
16:46 of 2nd period - Shawn Horcoff wins face-off versus Derek Roy in Flames zone.
17:16 of 2nd period - Shot by Sheldon Souray.
17:16 of 2nd period - Shot Misses the Net.
17:18 of 2nd period - Shot by Sheldon Souray.
17:18 of 2nd period - Stopped by Jonathan Quick with a rebound.
17:20 of 2nd period - Shot by Sheldon Souray.
17:20 of 2nd period - Shot Blocked by Bryce Salvador.
17:22 of 2nd period - Shot by Sheldon Souray.
17:22 of 2nd period - Shot Misses the Net.
17:24 of 2nd period - Shot by Justin Schultz.
17:24 of 2nd period - Stopped by Jonathan Quick without a rebound.
17:25 of 2nd period - Brian Flynn wins face-off versus Mike Cammalleri in Flames zone.
17:26 of 2nd period - Shot by Colin McDonald.
17:26 of 2nd period - Shot Misses the Net.
17:28 of 2nd period - Shot by Colin McDonald.
17:28 of 2nd period - Shot Misses the Net.
17:30 of 2nd period - Shot by Erik Gustafsson.
17:30 of 2nd period - Stopped by Jonathan Quick without a rebound.
17:31 of 2nd period - Brandon Sutter wins face-off versus Shawn Horcoff in Flames zone.
17:32 of 2nd period - Shot by Erik Gustafsson.
17:32 of 2nd period - Shot Hit the Post.
17:34 of 2nd period - Shot by Erik Gustafsson.
17:34 of 2nd period - Shot Misses the Net.
17:36 of 2nd period - Shot by Chris Phillips.
17:36 of 2nd period - Stopped by Jonathan Quick without a rebound.
17:37 of 2nd period - Brandon Sutter wins face-off versus Shawn Horcoff in Flames zone.
17:40 of 2nd period - Shot by Erik Gustafsson.
17:40 of 2nd period - Shot Blocked by Andrew MacDonald.
17:46 of 2nd period - Shot by Colin McDonald.
17:46 of 2nd period - Deflect By Brian Flynn.
17:46 of 2nd period - Shot Misses the Net.
17:48 of 2nd period - Shot by Brandon Sutter.
17:48 of 2nd period - Stopped by Jonathan Quick without a rebound.
17:49 of 2nd period - Derek Roy wins face-off versus Shawn Horcoff in Flames zone.
18:11 of 2nd period - Shot by Sheldon Souray.
18:11 of 2nd period - Shot Misses the Net.
18:13 of 2nd period - Shot by Mikkel Boedker.
18:13 of 2nd period - Deflect By Charlie Coyle.
18:13 of 2nd period - Stopped by Jonathan Quick without a rebound.
18:14 of 2nd period - Mike Cammalleri wins face-off versus Colin McDonald in Flames zone.
18:14 of 2nd period - Dustin Brown is hit by Colin McDonald and loses puck.
18:22 of 2nd period - Icing by Brandon Sutter.
18:23 of 2nd period - Brandon Sutter wins face-off versus Shawn Horcoff in Oilers zone.
18:38 of 2nd period - Shot by Erik Gustafsson.
18:38 of 2nd period - Shot Blocked by Jack Johnson.
19:00 of 2nd period - David Backes is hit by Bryce Salvador and loses puck.
19:03 of 2nd period - Shot by Maxime Talbot.
19:03 of 2nd period - Shot Blocked by Andrew MacDonald.
19:05 of 2nd period - Shot by Sheldon Souray.
19:05 of 2nd period - Stopped by Jonathan Quick without a rebound.
19:06 of 2nd period - Brandon Sutter wins face-off versus Anze Kopitar in Flames zone.
19:14 of 2nd period - Icing by Jack Johnson.
19:15 of 2nd period - Derek Roy wins face-off versus Anze Kopitar in Flames zone.
19:15 of 2nd period - Derek Roy is hit by Erik Johnson.
19:17 of 2nd period - Shot by Colin McDonald.
19:17 of 2nd period - Goal by Colin McDonald - Oilers : 4 - Flames : 2.
19:18 of 2nd period - Michael Ryder wins face-off versus Brandon Sutter in neutral zone.
19:48 of 2nd period - Minor Penalty to Erik Johnson for Holding.
19:49 of 2nd period - Brandon Sutter wins face-off versus Shawn Horcoff in Flames zone.

3rd period


0:01 of 3rd period - Shawn Horcoff wins face-off versus Derek Roy in neutral zone.
0:18 of 3rd period - Shot by Derek Roy.
0:18 of 3rd period - Shot Misses the Net.
1:26 of 3rd period - Off-side.
1:27 of 3rd period - Mike Cammalleri wins face-off versus Derek Roy in neutral zone.
1:33 of 3rd period - Icing by Sheldon Souray.
1:34 of 3rd period - Derek Roy wins face-off versus Mike Cammalleri in Oilers zone.
1:48 of 3rd period - Charlie Coyle is hit by Ryan Kesler.
1:51 of 3rd period - Icing by Jack Johnson.
1:52 of 3rd period - David Backes wins face-off versus Ryan Kesler in Flames zone.
2:25 of 3rd period - Shot by Michael Grabner.
2:25 of 3rd period - Stopped by Ben Scrivens without a rebound.
2:26 of 3rd period - Derek Roy wins face-off versus Anze Kopitar in Oilers zone.
2:42 of 3rd period - Icing by Colin McDonald.
2:43 of 3rd period - Sam Gagner wins face-off versus Derek Roy in Oilers zone.
2:43 of 3rd period - Sam Gagner is hit by Nicklas Grossmann.
3:23 of 3rd period - Icing by Ladislav Smid.
3:24 of 3rd period - Brandon Sutter wins face-off versus Sam Gagner in Flames zone.
4:03 of 3rd period - Jack Johnson is hit by Charlie Coyle and loses puck.
4:19 of 3rd period - Off-side.
4:20 of 3rd period - Ryan Kesler wins face-off versus David Backes in neutral zone.
4:49 of 3rd period - Shot by Jeff Skinner.
4:49 of 3rd period - Shot Blocked by Justin Schultz.
4:51 of 3rd period - Shot by Jeff Skinner.
4:51 of 3rd period - Deflect By Michael Grabner.
4:51 of 3rd period - Shot Misses the Net.
4:55 of 3rd period - Shot by Michael Grabner.
4:55 of 3rd period - Stopped by Ben Scrivens without a rebound.
4:56 of 3rd period - Anze Kopitar wins face-off versus Brian Flynn in Oilers zone.
4:57 of 3rd period - Shot by Dustin Brown.
4:57 of 3rd period - Stopped by Ben Scrivens without a rebound.
4:58 of 3rd period - Anze Kopitar wins face-off versus Brian Flynn in Oilers zone.
5:03 of 3rd period - Shot by Anze Kopitar.
5:03 of 3rd period - Shot Blocked by Erik Gustafsson.
6:12 of 3rd period - Pierre-Marc Bouchard is hit by Chris Phillips and loses puck.
6:13 of 3rd period - Minor Penalty to Chris Phillips for Roughing.
6:14 of 3rd period - David Backes wins face-off versus Ryan Kesler in Oilers zone.
6:47 of 3rd period - Shot by Jeff Skinner.
6:47 of 3rd period - Stopped by Ben Scrivens without a rebound.
6:48 of 3rd period - David Backes wins face-off versus Anze Kopitar in Oilers zone.
6:57 of 3rd period - Shot by Jack Johnson.
6:57 of 3rd period - Stopped by Ben Scrivens with a rebound.
7:13 of 3rd period - Shot by Jack Johnson.
7:13 of 3rd period - Stopped by Ben Scrivens without a rebound.
7:14 of 3rd period - Ryan Kesler wins face-off versus Drew Miller in Oilers zone.
7:15 of 3rd period - Shot by Andrew MacDonald.
7:15 of 3rd period - Shot Misses the Net.
7:17 of 3rd period - Shot by Toni Lydman.
7:17 of 3rd period - Stopped by Ben Scrivens with a rebound.
7:19 of 3rd period - Shot by Toni Lydman.
7:19 of 3rd period - Shot Blocked by Erik Gustafsson.
7:21 of 3rd period - Shot by Jeff Skinner.
7:21 of 3rd period - Stopped by Ben Scrivens without a rebound.
7:22 of 3rd period - David Backes wins face-off versus Ryan Kesler in Oilers zone.
7:39 of 3rd period - Shot by Erik Johnson.
7:39 of 3rd period - Stopped by Ben Scrivens without a rebound.
7:40 of 3rd period - Anze Kopitar wins face-off versus David Backes in Oilers zone.
7:51 of 3rd period - Shot by Toni Lydman.
7:51 of 3rd period - Shot Blocked by Drew Miller.
7:53 of 3rd period - Shot by Anze Kopitar.
7:53 of 3rd period - Deflect By Dustin Brown.
7:53 of 3rd period - Stopped by Ben Scrivens without a rebound.
7:54 of 3rd period - Brandon Sutter wins face-off versus Ryan Kesler in Oilers zone.
8:28 of 3rd period - Icing by Bryce Salvador.
8:29 of 3rd period - Shawn Horcoff wins face-off versus Colin McDonald in Flames zone.
8:40 of 3rd period - Shot by Tomas Kopecky.
8:40 of 3rd period - Shot Misses the Net.
8:54 of 3rd period - Shot by Derek Roy.
8:54 of 3rd period - Shot Blocked by Andrew MacDonald.
8:56 of 3rd period - Shot by Colin McDonald.
8:56 of 3rd period - Shot Misses the Net.
9:29 of 3rd period - Shot by Maxime Talbot.
9:29 of 3rd period - Stopped by Jonathan Quick without a rebound.
9:30 of 3rd period - Ryan Kesler wins face-off versus Brandon Sutter in Flames zone.
9:32 of 3rd period - Icing by Jack Johnson.
9:33 of 3rd period - Ryan Kesler wins face-off versus David Backes in Flames zone.
10:52 of 3rd period - Shot by Brandon Sutter.
10:52 of 3rd period - Deflect By Charlie Coyle.
10:52 of 3rd period - Shot Blocked by Sam Gagner.
10:58 of 3rd period - Ladislav Smid is hit by Charlie Coyle.
11:06 of 3rd period - Toni Lydman is hit by Sheldon Souray and loses puck.
11:28 of 3rd period - Off-side.
11:29 of 3rd period - Anze Kopitar wins face-off versus Dustin Jeffrey in neutral zone.
12:08 of 3rd period - Shot by Dustin Brown.
12:08 of 3rd period - Shot Blocked by Erik Gustafsson.
12:10 of 3rd period - Shot by Michael Ryder.
12:10 of 3rd period - Deflect By Dustin Brown.
12:10 of 3rd period - Shot Misses the Net.
12:32 of 3rd period - Shot by Tomas Kopecky.
12:32 of 3rd period - Deflect By Pierre-Marc Bouchard.
12:32 of 3rd period - Stopped by Ben Scrivens without a rebound.
12:33 of 3rd period - Sam Gagner wins face-off versus David Backes in Oilers zone.
12:49 of 3rd period - Off-side.
12:50 of 3rd period - Ryan Kesler wins face-off versus Brandon Sutter in neutral zone.
13:02 of 3rd period - Icing by Sheldon Souray.
13:03 of 3rd period - Sam Gagner wins face-off versus Brandon Sutter in Oilers zone.
13:06 of 3rd period - Shot by Radek Dvorak.
13:06 of 3rd period - Shot Misses the Net.
13:15 of 3rd period - Minor Penalty to Mikkel Boedker for Elbowing.
13:16 of 3rd period - David Backes wins face-off versus Anze Kopitar in Oilers zone.
13:16 of 3rd period - David Backes is hit by Dustin Brown.
13:40 of 3rd period - Icing by Anze Kopitar.
13:41 of 3rd period - Dustin Brown wins face-off versus David Backes in Flames zone.
14:58 of 3rd period - Icing by Andrew MacDonald.
14:59 of 3rd period - David Backes wins face-off versus Ryan Kesler in Flames zone.
14:59 of 3rd period - David Backes is hit by Toni Lydman.
15:32 of 3rd period - Colin McDonald is hit by Tomas Kopecky and loses puck.
15:39 of 3rd period - Bryce Salvador is hit by Colin McDonald.
16:08 of 3rd period - Icing by Bryce Salvador.
16:09 of 3rd period - Brandon Sutter wins face-off versus Shawn Horcoff in Flames zone.
16:09 of 3rd period - Chris Phillips is hit by Bryce Salvador and loses puck.
16:14 of 3rd period - Shot by Mikkel Boedker.
16:14 of 3rd period - Stopped by Jonathan Quick without a rebound.
16:15 of 3rd period - Brandon Sutter wins face-off versus Ryan Kesler in Flames zone.
16:15 of 3rd period - Brandon Sutter is hit by Jack Johnson.
16:23 of 3rd period - Shot by Mikkel Boedker.
16:23 of 3rd period - Shot Misses the Net.
16:25 of 3rd period - Shot by Charlie Coyle.
16:25 of 3rd period - Shot Misses the Net.
16:29 of 3rd period - Shot by Charlie Coyle.
16:29 of 3rd period - Shot Misses the Net.
16:31 of 3rd period - Shot by Charlie Coyle.
16:31 of 3rd period - Shot Misses the Net.
16:33 of 3rd period - Shot by Scott Hannan.
16:33 of 3rd period - Shot Blocked by Erik Johnson.
16:35 of 3rd period - Shot by Mikkel Boedker.
16:35 of 3rd period - Shot Misses the Net.
17:24 of 3rd period - Shot by David Backes.
17:24 of 3rd period - Shot Blocked by Jack Johnson.
17:26 of 3rd period - Shot by David Backes.
17:26 of 3rd period - Stopped by Jonathan Quick without a rebound.
17:27 of 3rd period - Sam Gagner wins face-off versus Derek Roy in Flames zone.
17:27 of 3rd period - Sam Gagner is hit by Colin McDonald.
17:34 of 3rd period - Ladislav Smid is hit by Sheldon Souray and loses puck.
18:22 of 3rd period - Justin Schultz is hit by Bryce Salvador and loses puck.
18:40 of 3rd period - Minor Penalty to David Backes for Boarding.
18:41 of 3rd period - Brian Flynn wins face-off versus Anze Kopitar in Oilers zone.
18:53 of 3rd period - Off-side.
18:54 of 3rd period - Derek Roy wins face-off versus Ryan Kesler in neutral zone.
19:13 of 3rd period - Shot by Andrew MacDonald.
19:13 of 3rd period - Goal by Andrew MacDonald - Oilers : 4 - Flames : 3.
19:14 of 3rd period - Brandon Sutter wins face-off versus Anze Kopitar in neutral zone.
19:14 of 3rd period - Scott Hannan is hit by Dustin Brown and loses puck.
19:21 of 3rd period - Flames, Jonathan Quick is pulled from the net.
19:27 of 3rd period - Shot by Jeff Skinner.
19:27 of 3rd period - Stopped by Ben Scrivens with a rebound.
19:29 of 3rd period - Shot by Anze Kopitar.
19:29 of 3rd period - Deflect By Dustin Brown.
19:29 of 3rd period - Stopped by Ben Scrivens without a rebound.
19:30 of 3rd period - Anze Kopitar wins face-off versus Brandon Sutter in Oilers zone.
19:41 of 3rd period - Shot by Dustin Brown.
19:41 of 3rd period - Shot Misses the Net.
19:49 of 3rd period - Shot by Dustin Brown.
19:49 of 3rd period - Goal by Dustin Brown - Oilers : 4 - Flames : 4.
19:49 of 3rd period - Jonathan Quick from Flames was sent back in the game.
19:50 of 3rd period - Radek Dvorak wins face-off versus Derek Roy in neutral zone.

Overtime #1


0:01 of 1st overtime period - Anze Kopitar wins face-off versus Brian Flynn in neutral zone.
0:06 of 1st overtime period - Shot by Dustin Brown.
0:06 of 1st overtime period - Goal by Dustin Brown - Oilers : 4 - Flames : 5.


Output by the SimonT Hockey Simulator (STHS) for Stephane Roy -- Original Page W3C XHTML 1.0 Valid
Hockey Simulator - Hockey Simulation - Hockey Manager